 Dungeon Crawl Stone Soup version 0.21-a0-201-g8501b10 (webtiles) character file.

113 KristoblXynda the Charlatan (level 4, -4/31 HPs)
             Began as a Spriggan Artificer on Aug 18, 2017.
             Killed from afar by Sigmund (9 damage)
             ... with a puff of flame
             ... on level 3 of the Dungeon.
             The game lasted 00:05:16 (3169 turns).

KristoblXynda the Charlatan (Spriggan Artificer)    Turns: 3169, Time: 00:05:17

Health: -4/31      AC: 22    Str:  8    XL:     4   Next: 65%
Magic:  8/8        EV:  4    Int: 13    God:
Gold:   139        SH:  0    Dex: 16    Spells: 3/3 levels left

rFire    . . .     SeeInvis +   a - +1 short sword
rCold    + . .     Gourm    .   (shield restricted)
rNeg     + + +     Faith    .   (armour currently unavailable)
rPois    +         Spirit   .   (helmet currently unavailable)
rElec    .         Reflect  .   (cloak currently unavailable)
rCorr    .         Harm     .   (gloves unavailable)
MR       .....     NoTele   +   (boots unavailable)
Stlth    ++........             (no amulet)
HPRegen  0.10/turn              n - ring of poison resistance
MPRegen  0.11/turn              q - ring of protection from cold

@: tree-form
A: unfitting armour, see invisible, herbivore 3, slow metabolism 2
a: no special abilities


You were on level 3 of the Dungeon.
You were not hungry.
You were a tree.
You visited 1 branch of the dungeon, and saw 3 of its levels.

You collected 139 gold pieces.

Inventory:

Hand Weapons
 a - a +1 short sword (weapon)
Armour
 b - a +0 robe (melded)
Jewellery
 n - a ring of poison resistance (left branch)
 q - a ring of protection from cold (right branch)
Wands
 c - a wand of flame (1/48)
 d - a wand of enslavement (14/24)
 e - a wand of random effects (9/48)
Scrolls
 o - a scroll of fear
 r - a scroll of remove curse
Potions
 g - a potion of curing
 j - 3 potions of haste {unknown}
 k - a potion of magic {unknown}
 l - 2 potions of ambrosia
 m - a potion of berserk rage {unknown}
 p - a potion of agility {unknown}
Comestibles
 f - 2 bread rations


   Skills:
 - Level 0.7 Fighting
 + Level 3.5 Short Blades
 - Level 3.0 Dodging
 + Level 3.4 Stealth
 + Level 5.2 Evocations


You had 3 spell levels left.
You didn't know any spells.

Dungeon Overview and Level Annotations

Branches:
Dungeon (3/15)

Altars:

Annotations:
D:3 Sigmund


Innate Abilities, Weirdness & Mutations

You are very small and have problems with some larger weapons.
You are too small for most types of armour.
You have supernaturally acute eyesight. (SInv)
You are a herbivore.
((You cover ground extremely quickly.))
You need consume almost no food.


Message History

The puff of flame hits you!
You barely miss Sigmund. You hit Sigmund.
Sigmund is lightly wounded.
Sigmund points at you and mumbles some strange words.
The magic dart hits you!
You hit Sigmund but do no damage.
Sigmund is lightly wounded.
Sigmund hits you with an enchanted scythe!
* * * LOW HITPOINT WARNING * * *
Evoke which item? (* to show all) (? for menu, Esc to quit)
Aiming: Throw Flame
Press: ? - help, Shift-Dir - straight line, f/p - Sigmund
Aim: Sigmund, wielding an enchanted scythe and wearing a robe (lightly wounded, heavily drained)
The puff of flame hits Sigmund.
Sigmund is moderately wounded.
This wand has 1 charge left.
Sigmund casts a spell at you. The puff of flame hits you!
You die...

########### #..........
###########..........
##.Y.w....Yw[.........
###÷.#########..........
.#...##########@♣.<......
.....)@...†##...#########
##.#######.%..### ...
###### ###


You could see Sigmund, an ice beast and a worm.

Vanquished Creatures
  A gnoll (D:3)
  5 adders
  A worm (D:2)
  2 dart slugs
  A leopard gecko (D:2)
  2 giant cockroaches
  9 hobgoblins
  3 jackals (D:2)
  5 kobolds
  A ball python (D:1)
  7 bats
  3 frilled lizards
  2 goblins (D:1)
  7 rats
49 creatures vanquished.

Vanquished Creatures (collateral kills)
  A gnoll (D:3)
1 creature vanquished.

Vanquished Creatures (others)
  A gnoll (D:3)
1 creature vanquished.

Grand Total: 51 creatures vanquished

Notes
Turn   | Place    | Note
-------+----------+-------------------------------------------
     0 | D:1      | KristoblXynda the Spriggan Artificer began the quest for the Orb.
     0 | D:1      | Reached XP level 1. HP: 9/9 MP: 4/4
   250 | D:1      | Reached XP level 2. HP: 10/14 MP: 6/6
  1176 | D:2      | Reached XP level 3. HP: 13/17 MP: 7/7
  2178 | D:2      | Reached skill level 5 in Evocations
  2178 | D:2      | Reached XP level 4. HP: 14/21 MP: 8/8
  2543 | D:3      | Noticed Sigmund
  2550 | D:3      | Noticed an ice beast
  3162 | D:3      | HP: 1/21 [Sigmund/magic dart (8)]
  3169 | D:3      | Killed from afar by Sigmund

Vault maps used:
D:1:      minmay_arrival_jagged, minmay_pentomino_t4
D:3:      minitemple, first_bread, uniq_sigmund

Skill      XL: |  1  2  3  4 |
---------------+-------------+-----
Stealth        | 2 3 |  3.4
Short Blades   | 2 3 |  3.5
Evocations     | 5 |  5.2
Fighting       | |  0.7
Dodging        | |  3.0

Action                   |  1- 3 |  4- 6 || total
-------------------------+-------+-------++-------
Melee: Short sword       |   127 |    60 ||   187
Evoke: Wand              |     9 |    12 ||    21
  Use: Scroll            |     8 |     1 ||     9
       Potion            |     1 |     3 ||     4
 Stab: Sleeping          |     5 |     1 ||     6
Armor: Robe              |    11 |    10 ||    21
       Skin              |       |     3 ||     3
Dodge: Dodged            |   110 |    62 ||   172
